 Dungeon Crawl Stone Soup version 0.32-a0-485-g70f7560b1c (webtiles) character file.

Game seed: 14640889721646933424

718 Asceticacid the Martial Artist (level 7, 0/32 HPs)
             Began as a Vine Stalker Shapeshifter on Feb 26, 2024.
             Slain by a gnoll
             ... wielding a +1 long sword of electrocution
             ... led by a gnoll bouda
              (12 damage)
             ... on level 4 of the Dungeon.
             The game lasted 00:06:56 (3532 turns).

Asceticacid the Martial Artist (VSSh)               Turns: 3532, Time: 00:06:56

Health: 0/32       AC:  6    Str: 16    XL:     7   Next: 70%
Magic:  0/8        EV: 12    Int: 14    God:
Gold:   150        SH:  0    Dex: 22    Spells: 6/6 levels left

rFire   . .          .
                       - Unarmed
rCold   . . .        (no shield)
rNeg    . . .        h - +3 leather armour of the Sailor {Will+ Int+4}
rPois   .            (helmet currently unavailable)
rElec   .            (cloak currently unavailable)
rCorr   .            u - melded +0 pair of gloves
SInv    .            (boots currently unavailable)
Will    +....        (no amulet)
Stlth   ++           a - +6 ring of dexterity
HPRegen 1.05/turn    (no ring)
MPRegen 0.11/turn

%: guardian spirit
@: beast-form, studying Unarmed Combat
A: beast (slay +3), fangs 2, regeneration 1, magic shield, antimagic bite, no
potion heal 2
a: Begin Untransformation


You were on level 4 of the Dungeon.
You were a hulking beast.
You visited 1 branch of the dungeon, and saw 5 of its levels.

You collected 216 gold pieces.
You spent 66 gold pieces at shops.

Inventory:

Armour
 h - the +3 leather armour of the Sailor (worn) {Will+ Int+4}
   (You found it on level 3 of the Dungeon)

   Int+4:     It affects your intelligence (+4).
   Will+:     It increases your willpower.
 u - a +0 pair of gloves (melded)
Jewellery
 a - a +6 ring of dexterity (left hand)
Talismans
 c - a beast talisman (active)
 d - a flux talisman
Wands
 j - a wand of roots (10)
Scrolls
 l - 2 scrolls of teleportation
 p - a scroll of poison
 q - 2 scrolls of blinking
 s - a scroll of vulnerability
 t - 3 scrolls of revelation
Potions
 b - 2 potions of heal wounds
 e - 2 potions of attraction
 g - 2 potions of mutation
 k - a potion of haste
 m - 3 potions of curing
 n - a potion of degeneration
 o - 3 potions of ambrosia
 r - a potion of cancellation {unknown}
 v - a potion of might {unknown}


   Skills:
 - Level 0.8 Fighting
 - Level 1.5 Dodging
 + Level 8.0 Unarmed Combat
 - Level 6.5 Shapeshifting


You had 6 spell levels left.
You didn't know any spells.
Your spell library contained the following spells:

 Spells                   Type           Power      Damage    Failure   Level
 Sting                    Conj/Alch      0%         1d3       34%         1
 Blink                    Tloc           0%         N/A       47%         2
 Cigotuvi's Dreadful Rot  Necr/Alch/Air  0%         N/A       47%         2
 Jinxbite                 Hex            0%         N/A       47%         2
 Lesser Beckoning         Tloc           0%         N/A       47%         2
 Mercury Vapours          Alch/Air       0%         N/A       47%         2
 Momentum Strike          Conj/Tloc      0%         3d8       47%         2
 Ignite Poison            Fire/Alch      0%         N/A       98%         4
 Olgreb's Toxic Radiance  Alch           0%         N/A       98%         4
 Freezing Cloud           Conj/Ice/Air   0%         6-21      100%        5
 Yara's Violent Unravell  Hex/Alch       0%         3d3       100%        5
 Enfeeble                 Hex            0%         N/A       100%        7


Dungeon Overview and Level Annotations

Branches:
Dungeon (5/15)
 Temple: D:4-7

Altars:

Shops:
D:2 ([=   D:5 *


Innate Abilities, Weirdness & Mutations

You are a hulking beast.
Your limbs bulge with bestial killing power. (Slay +3)
You have extremely sharp teeth.
Your natural rate of healing is unusually fast.
When hurt, damage is shared between your health and your magic reserves.
Your bite disrupts and absorbs the magic of your enemies.
Potions cannot restore your health.


Message History

A gnoll is nearby!
A gnoll is nearby!
A gnoll is nearby!
The gnoll shouts!
The gnoll shouts!
The gnoll bouda shouts!
You punch the gnoll! You bite the gnoll, but do no damage.
The gnoll is almost dead.
You hit the gnoll.
You kill the gnoll!
Your Unarmed Combat skill increases to level 8!
You barely miss the gnoll. You bite the gnoll. You drain its power.
The gnoll is heavily wounded.
The gnoll closely misses you.
You barely miss the gnoll. You bite the gnoll! You drain its power.
The gnoll is almost dead.
The gnoll hits you with a +1 long sword of electrocution!
You are electrocuted!
You are too injured to fight recklessly!
You are too injured to fight recklessly!
The gnoll bouda attacks as it pursues you!
The gnoll bouda barely misses you. The gnoll attacks as it pursues you!
The gnoll closely misses you.
The gnoll bouda calls upon its god to heal the gnoll.
The gnoll is healed somewhat.
The gnoll bouda barks out a call to the hunt!
The gnoll picks up the pace!
The gnoll attacks as it pursues you! The gnoll completely misses you.
Things that are here:
a boomerang; a +0 trident The gnoll hits you with a +1 long sword of electrocution.
There is a stone staircase leading up here.
The gnoll hits you with a +1 long sword of electrocution!
You climb upwards.
There is a stone staircase leading down here.
You hit the gnoll.
The gnoll is severely wounded.
The gnoll hits you with a +1 long sword of electrocution!
You are electrocuted!
You die...

#.# #.##............# #.#
#. #.# #.##.##......#..#
#.# #. #.#
#.....#...#.##..# #.# #.
#.######..#.........# #.#
#. #...(...........###.#
#.# #. ########..#.##.##
#.# #.# #. #..#.##.# #.#
#.# #. #..#.##g####.# #.#
#. #########.......h..>.#
#.# #.
................#########.#
#.
#########.#####...........#
#. # #.# #.########### #.
#########.# #.# #.
#.........# #.# ##
#...####### ##.## #
###.##########.#.## #
#...........###.# #


You could see a gnoll (swift).

Vanquished Creatures
  Edmund (D:5)
  Duvessa (D:4)
  Dowan (D:4)
  A howler monkey (D:4)
  2 bombardier beetles
  A hound (D:5)
  2 jellies (D:5)
  2 sleepcaps (D:4)
  An iguana (D:4)
  Ijyb (D:3)
  5 adders
  2 gnolls (D:5)
  4 dart slugs
  A ribbon worm (D:2)
  3 orcs
  4 endoplasms
  4 giant cockroaches
  5 goblins
  5 hobgoblins
  4 jackals (D:2)
  6 kobolds
  3 quokkas
  6 ball pythons
  7 bats
  4 frilled lizards
  10 rats
86 creatures vanquished.

Notes
Turn   | Place    | Note
-------+----------+-------------------------------------------
     0 | D:1      | Asceticacid the Vine Stalker Shapeshifter began the quest
                  | for the Orb.
     0 | D:1      | Reached XP level 1. HP: 9/9 MP: 2/2
    91 | D:1      | Reached XP level 2. HP: 14/14 MP: 3/3
   483 | D:1      | Reached XP level 3. HP: 12/17 MP: 2/4
   817 | D:2      | Found Eclih's Antique Weapon Boutique.
  1265 | D:2      | Reached XP level 4. HP: 21/21 MP: 5/5
  1265 | D:2      | Found Xahyraiw's Jewellery Emporium.
  1373 | D:2      | Identified a scroll of acquirement
  1373 | D:2      | Acquired a manual of Unarmed Combat
  1405 | D:2      | Found Lidanoc's Antique Armour Shoppe.
  1726 | D:3      | Identified the +3 leather armour of the Sailor {Will+
                  | Int+4}
  1749 | D:3      | Noticed Ijyb
  1769 | D:3      | Killed Ijyb
  1770 | D:3      | Reached skill level 5 in Shapeshifting
  1813 | D:3      | Reached XP level 5. HP: 15/25 MP: 2/6
  2365 | D:4      | Noticed Dowan
  2367 | D:4      | Noticed Duvessa
  2475 | D:4      | Killed Duvessa
  2476 | D:4      | Reached XP level 6. HP: 14/29 MP: 5/7
  2479 | D:4      | Killed Dowan
  2690 | D:4      | Reached skill level 4 in Unarmed Combat
  2748 | D:4      | Reached skill level 5 in Unarmed Combat
  3074 | D:5      | Entered Level 5 of the Dungeon
  3084 | D:4      | Reached XP level 7. HP: 30/32 MP: 6/8
  3151 | D:5      | Reached skill level 6 in Unarmed Combat
  3209 | D:5      | Noticed Edmund
  3222 | D:5      | Killed Edmund
  3223 | D:5      | Reached skill level 7 in Unarmed Combat
  3312 | D:5      | Identified the +9 flail "Zeptos" {elec, rN+++ MP-9 Int+3
                  | Dex+2}
  3448 | D:5      | Found Wied's Assorted Antiques.
  3455 | D:5      | Bought a pink potion for 22 gold pieces
  3455 | D:5      | Bought a smoky emerald potion for 22 gold pieces
  3455 | D:5      | Bought a yellow potion for 22 gold pieces
  3517 | D:5      | Reached skill level 8 in Unarmed Combat
  3532 | D:4      | Slain by a gnoll

Illustrated notes

Levels and vault maps discovered:
D:1:      nicolae_arrival_somewhat_less_tricky_arrival, layout_basic,
          minmay_vboxes
D:2:      layout_basic, serial_shops, shop, nicolae_shop_stone,
          nicolae_shop_tiny_waterfront
D:3:      layout_rooms, uniq_ijyb
D:4:      layout_loops_ring, uniq_duvessa
D:5:      layout_layer_cave, serial_shops, shop, kennysheep_diamond, uniq_edmund

Skill      XL: |  1  2  3  4  5  6  7 |
---------------+----------------------+-----
Shapeshifting  | 4 5 6 |  6.5
Unarmed Combat | 5 8 |  8.0
Fighting       | |  0.8
Dodging        | |  1.5

Action                     |  1- 3 |  4- 6 |  7- 9 || total
---------------------------+-------+-------+-------++-------
  Melee: Unarmed           |   101 |    82 |    27 ||   210
         Bite              |    19 |    34 |    11 ||    64
         Punch             |       |     3 |     3 ||     6
Ability: Begin Untransform |       |     1 |     1 ||     2
  Evoke: Wand              |       |     2 |     7 ||     9
    Use: Scroll            |       |    10 |     8 ||    18
         Potion            |       |     2 |       ||     2
   Stab: Distracted        |     1 |       |       ||     1
         Sleeping          |     1 |       |       ||     1
 Armour: Animal skin       |    58 |       |       ||    58
         Chain mail        |    10 |     2 |       ||    12
         Leather armour    |       |    25 |    17 ||    42
         Skin              |       |    14 |     4 ||    18
  Dodge: Dodged            |    54 |    34 |    16 ||   104
   Form: Flux              |       |     1 |       ||     1
         Beast             |       |       |     1 ||     1

Table legend: (Time is in decaauts)
 A = Elapsed time spent in this place.
 B = Non-inter-level travel time spent in this place.
 C = Inter-level travel time spent in this place.
 D = Time resting spent in this place.
 E = Time spent auto-exploring this place.
 F = Levels seen in this place.
 G = Mean time per level.
                   A        B        C        D        E       F      G
               +--------+--------+--------+--------+--------+-----+--------+
         Total |   3520 |   3376 |    144 |    101 |   2455 |   5 |  704.0 |
       Dungeon |   3520 |   3376 |    144 |    101 |   2455 |   5 |  704.0 |
               +--------+--------+--------+--------+--------+-----+--------+

Top non-repeatable levels by time:
     D:4: 956 daAuts
     D:2: 830 daAuts
     D:1: 812 daAuts
     D:3: 541 daAuts
     D:5: 378 daAuts
